AoeStats
← NTM.Barce

African Clearing

510675404Analyzed
4v4 RM · 1d ago on Oct 2, 2026· 20m 57s· 8 players
Game mode
Random Map
Map size
Large (8 player)
Population
200
Speed
Normal
Resources
Standard
Victory
Conquest
Starting age
Dark Age
Ending age
Imperial Age
RankedLock teamsTeams togetherTeam positionsShared explorationLock speedFull tech treeHidden civsTurbo modeCheats
Victory
Defeat
🇨🇷 Dravidians · Costa Rica
1256
+13
🇵🇪 Huns · Peru
1241
+13
🇨🇴 Persians · Colombia
1203
+15
🇲🇽 Varangians · Mexico
1194
+15
🇨🇳 Magyars · China
1196
-15
🇨🇳 Varangians · China
1191
-14
🇺🇸 Bohemians · United States
1185
-14
🇨🇦 Mongols · Canada
1157
-13
dillon1556
6:46 Loom
14:52 Feudal Age
17:14 Padded Archer Armor
默默发育
9:57 Loom
12:22 Feudal Age
16:44 Castle Age
16:05 Forging
16:14 Bloodlines
17:21 Scale Barding Armor
thegladiator989
12:30 Feudal Age
12:52 Loom
13:57 Wheelbarrow
18:07 Castle Age
16:06 Double-Bit Axe
16:34 Horse Collar
18:49 Heavy Plow
小传奇
12:18 Loom
14:13 Feudal Age
15:17 Double-Bit Axe
18:10 Castle Age
17:40 Stone Mining
17:39 Horse Collar
19:21 Bow Saw
19:08 Gold Mining
19:08 Town Watch
19:22 Loom
NTM.W.ALARCON
10:38 Loom
12:47 Feudal Age
20:19 Castle Age
19:01 Forging
19:44 Scale Barding Armor
20:23 Horse Collar
Corrupted Monk
8:39 Loom
12:28 Feudal Age
13:28 Double-Bit Axe
18:04 Fletching
11++
4:03 Loom
13:21 Feudal Age
14:04 Double-Bit Axe
17:32 Bloodlines
18:46 Scale Barding Armor
19:56 Forging
NTM.Barce
8:02 Loom
11:08 Feudal Age
12:09 Double-Bit Axe
15:18 Bloodlines
15:52 Forging
18:38 Wheelbarrow
22:31 Castle Age
Connection lost

Rejoining the realm…

Still unreachable

The connection could not be restored.

Session expired

The server has moved on; the page needs a fresh start.